 Dungeon Crawl Stone Soup version 0.29.1-15-g9cfb28693d (webtiles) character file.

Game seed: 17419167467908690176

12029 Gumption the Cleaver (level 11, 0/151 HPs)
             Began as a Minotaur Berserker on Mar 23, 2023.
             Was an Elder of Trog.
             Slain by a vampire mosquito (8 damage)
             ... on level 13 of the Dungeon.
             The game lasted 01:19:16 (10981 turns).

Gumption the Cleaver (Minotaur Berserker)          Turns: 10981, Time: 01:19:16

Health: 0/151      AC: 22    Str: 23    XL:     11   Next: 57%
Magic:  10/10      EV:  7    Int:  6    God:    Trog [****..]
Gold:   712        SH: 11    Dex: 11    Spells: 10/10 levels left

rFire   . . .      SeeInvis +   w - +2 spear (vamp)
rCold   . . .      Faith    .   s - +0 buckler
rNeg    . . .      Spirit   .   C - +0 plate armour
rPois   .          Reflect  +   (helmet restricted)
rElec   .          Harm     .   (no cloak)
rCorr   .          Rampage  .   F - +0 pair of gloves
Will    +....                   l - +1 pair of boots
Stlth   ..........              f - amulet of reflection
HPRegen 0.35/turn               x - +4 ring of protection
MPRegen 0.12/turn               y - ring "Juoph" {Will+ SInv}

@: berserking, very quick
A: horns 2, retaliatory headbutt
a: Renounce Religion, Berserk, Trog's Hand, Brothers in Arms


You were on level 13 of the Dungeon.
You worshipped Trog.
Trog was greatly pleased with you.
You visited 1 branch of the dungeon, and saw 13 of its levels.

You collected 712 gold pieces.

Inventory:

Hand Weapons
 a - a +0 war axe
 w - a +2 vampiric spear (weapon)
 M - a +0 war axe
Missiles
 B - 8 boomerangs (quivered)
 J - a throwing net
 N - a silver boomerang
Armour
 j - a +2 chain mail of cold resistance
 l - a +1 pair of boots (worn)
 s - a +0 buckler (worn)
 C - a +0 plate armour (worn)
 F - a +0 pair of gloves (worn)
Jewellery
 d - an amulet of regeneration
 f - an amulet of reflection (around neck)
 x - a +4 ring of protection (left hand)
 y - the ring "Juoph" (right hand) {Will+ SInv}
   (You acquired it on level 6 of the Dungeon)

   [ring of see invisible]

   SInv:      It lets you see invisible.
   Will:      It increases your willpower.
Wands
 o - a wand of iceblast (12)
 t - a wand of acid (6)
 v - a wand of paralysis (22)
Scrolls
 e - 2 scrolls of summoning
 g - 3 scrolls of enchant armour
 k - a scroll of teleportation
 m - 4 scrolls of fear
 p - 6 scrolls of poison
 r - a scroll of identify
 z - 2 scrolls of enchant weapon
 A - a scroll of silence
 E - 2 scrolls of noise {unknown}
 G - 2 scrolls of immolation {unknown}
 K - a scroll of blinking {unknown}
 P - a scroll of magic mapping {unknown}
Potions
 b - 5 potions of ambrosia
 c - 7 potions of might
 h - 2 potions of flight
 i - 6 potions of curing
 n - a potion of mutation
 q - 2 potions of haste
 u - 2 potions of attraction {unknown}
 D - 3 potions of magic
 H - 2 potions of heal wounds {unknown}
 I - a potion of cancellation {unknown}
 L - a potion of brilliance {unknown}


   Skills:
 + Level 10.7 Fighting
 * Level 14.5 Axes
 + Level 10.4 Armour
 - Level 2.1 Dodging
 + Level 9.4 Shields


You had 10 spell levels left.
You didn't know any spells.
Your spell library was empty.

Dungeon Overview and Level Annotations

Branches:
Dungeon (14/15)            Temple (0/1) D:7             Orc (0/2) D:10
   Lair: D:8-11      Vaults: D:13-14

Altars:
Ashenzari
Dithmenos
Elyvilon
Okawaru
Trog
Yredelemnul
Jiyva

Shops:
D:11 (

Annotations:
D:5 3 runed translucent doors, Achh's ghost, amateur HuDe; Zippel's ghost, novice DgWn; kalagan's ghost, novice DECj; waddelsworth's ghost, novice GrEE
D:9 2 transporters


Innate Abilities, Weirdness & Mutations

You have a pair of horns on your head.
You reflexively headbutt those who attack you in melee.


Message History

You headbutt the six-headed hydra.
The six-headed hydra is moderately wounded.
You block the vampire mosquito's attack.
The manticore barely misses you.
The manticore claws you but does no damage.
The manticore completely misses you. The six-headed hydra bites you!
The six-headed hydra bites you but does no damage.
The six-headed hydra bites you!
The six-headed hydra bites you but does no damage. x2
The six-headed hydra bites you.
You barely miss the six-headed hydra.
The six-headed hydra is moderately wounded.
The meliai changes into a raiju!
The vampire mosquito bites you.
The vampire mosquito draws strength from your injuries!
The manticore bites you!
* * * LOW HITPOINT WARNING * * *
You block the manticore's attack. The manticore completely misses you.
The six-headed hydra bites you but does no damage.
The six-headed hydra barely misses you. x2
The six-headed hydra bites you but does no damage. x2
You block the six-headed hydra's attack.
A red film seems to cover your vision as you go berserk!
You feel yourself moving faster!
You feel mighty!
The vampire mosquito bites you but does no damage.
You block the vampire mosquito's attack.
You block the six-headed hydra's attack.
The six-headed hydra bites you but does no damage.
The six-headed hydra closely misses you.
The six-headed hydra completely misses you.
The six-headed hydra bites you.
* * * LOW HITPOINT WARNING * * *
The six-headed hydra bites you.
* * * LOW HITPOINT WARNING * * *
The manticore bites you!
* * * LOW HITPOINT WARNING * * *
The manticore claws you but does no damage. x2
You puncture the six-headed hydra! You headbutt the six-headed hydra!
The six-headed hydra is severely wounded.
The vampire mosquito bites you!
You die...

#.###....♣♣
#?#.......♣.
............
#...........
####........... .
###..............
...## ...#...........#
......###H.#..........
#hD@........#....
#.†##y.###........
#.....>.####.#.#.#.#
......#####
#.........### ....##
##.##+##.#... ....
#..# #..... ... ##.+
+.#... .$ #..# #.....
###.##+##.#...


You could see a six-headed hydra, a manticore, a raiju shaped shifter and a
vampire mosquito.

Vanquished Creatures
  A hydra (D:11)
  A boulder beetle (D:14)
  A centaur warrior (D:14)
  A two-headed ogre (D:11)
  Pikel (D:4)
  An ugly thing (D:14)
  A cyclops (D:13)
  Psyche (D:8)
  2 gargoyles
  A freezing wraith (D:14)
  A slime creature (D:10)
  Sigmund (D:4)
  A wraith (D:14)
  3 vampires
  6 yaks
  3 steam dragons
  A vampire mosquito (D:13)
  Menkaure (D:4)
  An acid dragon (D:8)
  A water moccasin (D:7)
  2 ice beasts (D:7)
  7 orc warriors
  2 black bears
  A sky beast (D:6)
  4 centaurs
  3 lemures (D:4)
  4 phantoms
  6 bullfrogs
  3 necrophages
  2 water moccasin zombies (D:7)
  A gnoll sergeant (D:9)
  3 scorpions (D:6)
  4 wights (D:8)
  8 killer bees
  4 howler monkeys
  A bullfrog zombie (D:7)
  A centaur zombie (D:7)
  5 jellies
  5 hounds
  6 orc priests
  2 gnoll boudas
  7 orc wizards
  6 iguanas (D:6)
  Robin (D:2)
  4 howler monkey zombies (D:7)
  13 gnolls
  5 adders
  3 shadow imps
  4 white imps
  2 ufetubi
  A worm (D:2)
  3 dart slugs
  26 orcs
  7 endoplasms
  4 giant cockroaches
  15 goblins
  11 hobgoblins
  2 jackals (D:1)
  A quokka (D:3)
  5 ball pythons
  5 bats
  2 frilled lizards
  7 kobolds
  2 rats
240 creatures vanquished.

Vanquished Creatures (others)
  2 plants (D:1)
2 creatures vanquished.

Grand Total: 242 creatures vanquished

Notes
Turn   | Place    | Note
-------+----------+-------------------------------------------
     0 | D:1      | Gumption the Minotaur Berserker began the quest for the
                  | Orb.
     0 | D:1      | Reached XP level 1. HP: 19/19 MP: 0/0
   101 | D:1      | Reached skill level 4 in Axes
   102 | D:1      | Reached XP level 2. HP: 26/27 MP: 1/1
   299 | D:1      | Found a faded altar of an unknown god.
   986 | D:2      | Reached ** piety under Trog
   987 | D:2      | Reached XP level 3. HP: 33/33 MP: 2/2
  1296 | D:2      | Noticed Robin
  1331 | D:2      | Killed Robin
  1420 | D:2      | Reached skill level 5 in Axes
  1420 | D:2      | Reached XP level 4. HP: 40/40 MP: 3/3
  1955 | D:2      | Found an iron altar of Okawaru.
  2569 | D:3      | Noticed a black bear
  2575 | D:3      | Reached XP level 5. HP: 47/47 MP: 4/4
  2577 | D:3      | Killed a black bear
  2578 | D:3      | Reached skill level 5 in Fighting
  2578 | D:3      | Reached skill level 6 in Axes
  2604 | D:3      | Found a white marble altar of Elyvilon.
  2902 | D:4      | Reached XP level 6. HP: 56/56 MP: 5/5
  3153 | D:4      | Noticed Menkaure
  3557 | D:4      | Killed Menkaure
  3558 | D:4      | Reached skill level 1 in Shields
  3564 | D:4      | Reached skill level 7 in Axes
  3638 | D:4      | Noticed Sigmund
  3647 | D:4      | Killed Sigmund
  3648 | D:4      | Reached skill level 5 in Armour
  3648 | D:4      | Reached XP level 7. HP: 62/62 MP: 6/6
  3651 | D:4      | Noticed Pikel
  3669 | D:4      | Killed Pikel
  3670 | D:4      | Reached skill level 8 in Axes
  3670 | D:4      | Reached XP level 8. HP: 17/71 MP: 7/7
  3934 | D:5      | Entered Level 5 of the Dungeon
  4140 | D:5      | Reached skill level 9 in Axes
  4269 | D:5      | Found a shadowy altar of Dithmenos.
  4729 | D:5      | Found a runed translucent gate.
  4729 | D:5      | Found a runed translucent gate.
  4729 | D:5      | Noticed waddelsworth's ghost (novice GrEE)
  4730 | D:5      | Found a runed translucent gate.
  4730 | D:5      | Noticed kalagan's ghost (novice DECj)
  4731 | D:5      | Noticed Zippel's ghost (novice DgWn)
  4731 | D:5      | Noticed Achh's ghost (amateur HuDe)
  5266 | D:6      | Identified a scroll of acquirement
  5266 | D:6      | Acquired the ring "Juoph" {Will+ SInv}
  5471 | D:6      | Reached skill level 5 in Shields
  5486 | D:6      | Reached XP level 9. HP: 57/79 MP: 8/8
  5498 | D:6      | Reached skill level 10 in Axes
  5596 | D:6      | Reached *** piety under Trog
  5862 | D:6      | Found a bloodstained altar of Trog.
  6291 | D:7      | Reached skill level 11 in Axes
  6291 | D:7      | Found a basalt altar of Yredelemnul.
  6411 | D:7      | Found a staircase to the Ecumenical Temple.
  6866 | D:8      | Reached XP level 10. HP: 60/90 MP: 9/9
  6950 | D:8      | Reached **** piety under Trog
  6982 | D:8      | Reached skill level 12 in Axes
  7462 | D:8      | Noticed Psyche
  7479 | D:8      | Killed Psyche
  7558 | D:9      | Noticed a gargoyle
  7570 | D:9      | Killed a gargoyle
  8029 | D:9      | Found a transporter.
  8292 | D:9      | Found a transporter.
  8743 | D:10     | Entered Level 10 of the Dungeon
  8763 | D:10     | Found a viscous altar of Jiyva.
  8772 | D:10     | Reached skill level 13 in Axes
  8805 | D:10     | Found a staircase to the Orcish Mines.
  8911 | D:10     | Found a broken altar of Ashenzari.
  9372 | D:10     | Noticed a gargoyle
  9385 | D:10     | Reached skill level 10 in Fighting
  9386 | D:10     | Killed a gargoyle
  9387 | D:10     | Reached XP level 11. HP: 97/99 MP: 10/10
  9701 | D:11     | Found Baoxtabu's Weapon Boutique.
  9713 | D:11     | Noticed a two-headed ogre
  9718 | D:11     | Killed a two-headed ogre
  9797 | D:11     | Noticed a six-headed hydra
  9813 | D:11     | Killed a six-headed hydra
  9851 | D:11     | You fall into a shaft and drop 3 floors!
  9864 | D:14     | Noticed a brown ugly thing
  9864 | D:14     | Noticed a brown ugly thing
  9864 | D:14     | Noticed a brown ugly thing
  9903 | D:14     | Killed a brown ugly thing
  9904 | D:14     | Reached skill level 14 in Axes
  9904 | D:14     | Reached skill level 10 in Armour
 10218 | D:14     | Noticed a centaur warrior
 10218 | D:14     | Noticed a boulder beetle
 10235 | D:14     | Killed a centaur warrior
 10254 | D:14     | Killed a boulder beetle
 10962 | D:13     | Noticed a six-headed hydra
 10981 | D:13     | Slain by a vampire mosquito

Illustrated notes

Levels and vault maps discovered:
D:1:      psy_arrival_spokes, layout_basic, basic_ecumenical_altar,
          serial_bayou_lake_a
D:2:      layout_basic, basic_altar, fountainhead, minmay_misc_feat_nine_boxes,
          st_stairs_14, serial_park_tiny_2, chequers_hall_statues_wall_a,
          minmay_fountain_box, minmay_tromino_v4_a, uniq_robin
D:3:      layout_basic, mainiacjoe_overflow_24_doors
D:4:      layout_rooms, uniq_sigmund, uniq_menkaure, uniq_pikel
D:5:      nicolae_cairo_tiling, layout_layer_cave,
          nicolae_dithmenos_shadow_blocks, gammafunk_ghost_cemetery, minivault_4
D:6:      layout_basic, mainiacjoe_overflow_alcove_4, minmay_bent
D:7:      layout_gridville, nicolae_yredelemnul_corpse_copse,
          minmay_temple_entry_glassed_door
D:8:      layout_basic, uniq_psyche
D:9:      gammafunk_beogh_shrine, layout_layer_cave,
          chequers_serial_rivers_small_3
D:10:     layout_loops_ring, evilmike_ruin_ashenzari, orc_0_dummy, jiyva_altar_1
D:11:     layout_gridville, david_lair_generic, serial_shops,
          nicolae_stop_n_shop_1
D:13:     minmay_stepped, layout_rooms, special_room [special_room_bee],
          ebering_ghost_disaster_area, minmay_misc_feat_doors,
          wad_woods_river_04
D:14:     layout_roguey [special_room_orc], lightli_vaults_fourway_checkpoint,
          minmay_staircase_windowed_small, uniq_roxanne

Skill      XL: |  1  2  3  4  5  6  7  8  9 10 11 |
---------------+----------------------------------+-----
Axes           | 4 5 6 7 8 9 11 13 14 | 14.5
Fighting       | 4 5 6 7 8 10 | 10.7
Armour         | 3 4 5 6 8 9 10 | 10.4
Shields        | 2 3 5 6 8 9 |  9.4
Dodging        | |  2.1

Action                   |  1- 3 |  4- 6 |  7- 9 | 10-12 || total
-------------------------+-------+-------+-------+-------++-------
Melee: Hand axe          |    89 |   146 |   155 |       ||   390
       Headbutt          |    11 |    22 |    73 |   100 ||   206
       Punch             |       |     2 |       |       ||     2
       War axe           |       |       |   147 |   332 ||   479
       Spear             |       |       |       |    17 ||    17
Invok: Berserk           |     1 |     1 |       |     6 ||     8
       Trog's Hand       |       |     2 |     3 |     4 ||     9
Evoke: Wand              |       |     4 |     2 |     2 ||     8
  Use: Scroll            |       |     7 |     7 |     3 ||    17
       Potion            |       |       |     1 |       ||     1
Armor: Animal skin       |     2 |       |       |       ||     2
       Scale mail        |    28 |    57 |    61 |       ||   146
       Plate armour      |       |       |    89 |   230 ||   319
Dodge: Dodged            |    52 |    56 |   112 |    99 ||   319
Block: Buckler           |       |     6 |    70 |   131 ||   207
       Reflection        |       |       |       |     3 ||     3
